AoeStats
← 布丁

Black Forest

508893336Analyzed
4v4 RM · 8d ago on Sep 24, 2026· 47m 24s· 8 players
Game mode
Random Map
Map size
Large (8 player)
Population
200
Speed
Normal
Resources
Standard
Victory
Conquest
Starting age
Dark Age
Ending age
Imperial Age
RankedLock teamsTeams togetherTeam positionsShared explorationLock speedFull tech treeHidden civsTurbo modeCheats
Victory
Defeat
🇨🇳 Persians · China
840
+16
🇸🇦 Franks · Saudi Arabia
824
+17
🇮🇹 Turks · Italy
819
+17
🇺🇸 Britons · United States
803
+18
🇻🇪 Spanish · Venezuela
949
-22
🇩🇪 Berbers · Germany
870
-18
🇹🇼 Goths · Taiwan
829
-16
🇨🇿 Britons · Czechia
712
-12
daebak
11:14 Feudal Age
18:17 Castle Age
16:41 Double-Bit Axe
16:50 Gold Mining
17:36 Horse Collar
23:57 Gold Shaft Mining
29:28 Caravan
29:31 Padded Archer Armor
29:22 Fletching
31:42 Yeomen
34:34 Imperial Age
32:38 Bow Saw
33:06 Heavy Plow
33:50 Bodkin Arrow
34:11 Leather Archer Armor
36:22 Chemistry
34:48 Elite Longbowman
35:50 Conscription
35:31 Warwolf
35:36 Stone Mining
36:13 Ballistics
35:40 Capped Ram
37:40 Ring Archer Armor
36:47 Pikeman
37:28 Squires
39:55 Treadmill Crane
40:17 Bracer
43:13 Two-Man Saw
42:36 Forging
42:26 Scale Mail Armor
42:31 Scale Barding Armor
Sacresh Martire
0:58 Loom
13:55 Feudal Age
15:02 Double-Bit Axe
16:11 Gold Mining
19:55 Castle Age
18:30 Stone Mining
18:33 Horse Collar
20:51 Bow Saw
24:48 Scale Mail Armor
27:35 Heavy Plow
28:40 Caravan
31:42 Gold Shaft Mining
33:45 Imperial Age
31:05 Town Watch
32:06 Town Patrol
33:01 Wheelbarrow
32:49 Husbandry
33:00 Bloodlines
34:32 Chain Mail Armor
34:23 Scale Barding Armor
34:33 Forging
35:35 Artillery
36:31 Ballistics
38:12 Chain Barding Armor
38:27 Iron Casting
38:23 Plate Mail Armor
38:24 Conscription
40:12 Plate Barding Armor
39:44 Elite Janissary
45:34 Blast Furnace
44:25 Fletching
xTc
12:03 Feudal Age
16:10 Castle Age
14:47 Double-Bit Axe
22:40 Bow Saw
22:45 Gold Mining
22:45 Stone Mining
30:54 Husbandry
32:10 Gold Shaft Mining
33:55 Scale Barding Armor
34:01 Forging
37:55 Imperial Age
36:21 Wheelbarrow
36:21 Chain Barding Armor
36:38 Iron Casting
46:55 Caravan
47:25 Coinage
sujing810
0:37 Loom
14:27 Feudal Age
16:33 Wheelbarrow
15:45 Double-Bit Axe
15:45 Horse Collar
19:52 Castle Age
18:46 Gold Mining
18:47 Stone Mining
20:42 Hand Cart
20:41 Bow Saw
25:26 Heavy Plow
30:14 Gold Shaft Mining
30:26 Stone Shaft Mining
33:47 Imperial Age
34:00 Forging
33:57 Scale Barding Armor
34:07 Scale Barding Armor
34:34 Scale Mail Armor
34:45 Kamandaran
34:10 Elite War Elephant
35:11 Conscription
35:40 Crop Rotation
36:15 Two-Man Saw
35:40 Town Watch
37:11 Chemistry
36:22 Masonry
36:08 Murder Holes
36:37 Chain Barding Armor
36:54 Iron Casting
36:37 Chain Mail Armor
37:00 Coinage
36:30 Caravan
36:42 Guilds
38:39 Blast Furnace
38:18 Plate Barding Armor
37:56 Husbandry
38:07 Bloodlines
39:57 Plate Mail Armor
41:39 Cavalier
43:13 Banking
43:42 Savar
45:29 Devotion
45:33 Fletching
45:43 Padded Archer Armor
47:21 Bodkin Arrow
47:50 Leather Archer Armor
MightyOwl
3:20 Loom
11:23 Feudal Age
11:56 Double-Bit Axe
14:47 Horse Collar
20:34 Castle Age
23:35 Bow Saw
24:09 Fletching
24:20 Padded Archer Armor
26:22 Heavy Plow
28:01 Leather Archer Armor
27:42 Bodkin Arrow
27:51 Town Watch
Barbou
9:24 Loom
14:47 Feudal Age
15:45 Horse Collar
15:54 Double-Bit Axe
16:52 Gold Mining
16:54 Stone Mining
19:07 Castle Age
19:58 Heavy Plow
20:13 Bow Saw
20:18 Caravan
22:51 Heavy Plow
24:18 Gold Shaft Mining
24:33 Wheelbarrow
25:09 Scale Barding Armor
25:15 Forging
26:02 Hand Cart
29:29 Bloodlines
29:19 Husbandry
29:32 Bloodlines
28:43 Light Cavalry
30:07 Stone Shaft Mining
32:11 Imperial Age
30:06 Ballistics
31:10 Chain Barding Armor
31:25 Iron Casting
34:00 Guilds
34:27 Crop Rotation
33:45 Hussar
33:46 Heavy Camel Rider
35:29 Chemistry
34:40 Masonry
34:26 Murder Holes
36:49 Blast Furnace
36:25 Plate Barding Armor
35:41 Fletching
35:52 Padded Archer Armor
35:19 Elite Genitour
36:34 Town Watch
37:21 Town Patrol
39:57 Treadmill Crane
43:00 Illumination
frashmiguel
0:27 Loom
13:11 Feudal Age
15:52 Double-Bit Axe
18:40 Castle Age
17:09 Horse Collar
17:42 Stone Mining
17:43 Gold Mining
29:08 Heavy Plow
33:31 Imperial Age
32:27 Wheelbarrow
32:50 Fletching
33:07 Scale Barding Armor
33:03 Padded Archer Armor
36:51 Bodkin Arrow
37:44 Conscription
37:00 Elite Skirmisher
39:12 Pikeman
39:55 Scale Mail Armor
40:07 Forging
41:22 Chemistry
41:55 Chain Mail Armor
42:16 Iron Casting
41:42 Bracer
41:57 Leather Archer Armor
42:14 Ballistics
42:23 Bombard Tower
42:51 Squires
43:24 Plate Mail Armor
44:45 Careening
44:59 Ballistics
布丁
5:01 Loom
15:45 Feudal Age
17:18 Wheelbarrow
20:15 Castle Age
19:38 Double-Bit Axe
19:40 Horse Collar
25:38 Hand Cart
36:44 Imperial Age
35:15 Pikeman
35:56 Squires
36:03 Scale Mail Armor
36:14 Forging
35:56 Fletching
36:13 Elite Skirmisher
41:02 Perfusion
41:15 Halberdier
47:18 Bow Saw
Connection lost

Rejoining the realm…

Still unreachable

The connection could not be restored.

Session expired

The server has moved on; the page needs a fresh start.